General information
- name: BNet
- type: Ladder team game (AT/RT)
- host: Battle.net
- saver: ProjectEternity
map: Deathknell
- players: 8
- length: 63:10
- speed: Fast
- version: 1.26 W3XP
- replay type: Public
» download(359 KB)
Players
team 1 (winner)
trevster881 (
red | 64 APM | 4048 actions | 63:10)
6 Blademaster
3 Wind Walk
2 Critical Strike
1 Bladestorm
4 Shadow Hunter
2 Hex
2 Healing Wave
» actions
| Assign group hotkey | 27 | |
| Basic commands | 122 | |
| Build / train | 118 | |
| Enter build submenu | 40 | |
| Enter hero's abilities submenu | 10 | |
| Right click | 2649 | |
| Select / deselect | 633 | |
| Select group hotkey | 293 | |
| Use ability | 153 | |
4048 total
» units
| Peon | 11 | |
| Grunt | 14 | |
| Troll Headhunter/Berserker | 16 | |
| Spirit Walker | 3 | |
| Raider | 11 | |
| Shaman | 10 | |
| Demolisher | 4 | |
| Troll Batrider | 2 | |
| Chimaera | 2 | |
| Wind Rider | 6 | |
79 total
» upgrades
| Armor | 1 | |
| Berserker Strength | 1 | |
| Melee Weapons | 1 | |
| Ensnare | 1 | |
| Shaman Training | 2 | |
| Reinforced Defenses | 1 | |
| Burning Oil | 1 | |
| Envenomed Spears | 1 | |
| Berserker Upgrade | 1 | |
10 total
» buildings
| Altar of Storms | 2 | |
| Orc Burrow | 14 | |
| Barracks | 3 | |
| Voodoo Lounge | 2 | |
| Stronghold | 1 | |
| War Mill | 2 | |
| Beastiary | 2 | |
| Spirit Lodge | 1 | |
| Fortress | 1 | |
| Watch Tower | 11 | |
39 total
» build order
00:04 Altar of Storms
00:06 Orc Burrow
00:30 Barracks
01:45 Orc Burrow
02:44 Orc Burrow
03:43 Voodoo Lounge
04:31 Stronghold
05:09 War Mill
06:09 Orc Burrow
07:00 Orc Burrow
07:02 Beastiary
09:11 Beastiary
09:15 Spirit Lodge
10:47 Fortress
12:33 Orc Burrow
13:13 Orc Burrow
18:45 Orc Burrow
18:48 Orc Burrow
20:05 Watch Tower
20:07 Watch Tower
20:08 Watch Tower
23:10 Barracks
23:13 Orc Burrow
23:16 Watch Tower
23:21 Watch Tower
23:22 Watch Tower
23:23 Watch Tower
25:00 Watch Tower
28:12 Orc Burrow
38:45 Altar of Storms
39:00 War Mill
39:11 Barracks
39:59 Orc Burrow
40:02 Orc Burrow
41:40 Orc Burrow
41:46 Voodoo Lounge
42:03 Watch Tower
42:10 Watch Tower
42:16 Watch Tower
» items
| Healing Salve | 3 | |
| Scroll of Speed | 4 | |
| Scroll of Town Portal | 5 | |
| Orb of Lightning | 1 | |
| Tiny Great Hall | 1 | |
| Lesser Clarity Potion | 1 | |
15 total
PUNY_HUMAN (
purple | 30 APM | 891 actions | 29:42)
5 Priestess of the Moon
3 Trueshot Aura
2 Searing Arrows
» actions
| Build / train | 66 | |
| Enter build submenu | 21 | |
| Enter hero's abilities submenu | 5 | |
| Right click | 480 | |
| Select / deselect | 287 | |
| Use ability | 32 | |
891 total
» units
| Wisp | 11 | |
| Archer | 26 | |
| Hippogryph | 9 | |
| Glaive Thrower | 3 | |
49 total
» upgrades
| Moon Armor | 2 | |
| Strength of the Moon | 2 | |
| Improved Bows | 1 | |
| Hippogryph Taming | 1 | |
| Reinforced Hides | 1 | |
7 total
» buildings
| Altar of Elders | 1 | |
| Moon Well | 6 | |
| Ancient of War | 2 | |
| Hunter's Hall | 1 | |
| Tree of Ages | 1 | |
| Ancient of Wind | 1 | |
| Tree of Eternity | 1 | |
| Ancient Protector | 1 | |
| Chimaera Roost | 5 | |
19 total
» build order
00:10 Altar of Elders
00:17 Moon Well
00:49 Ancient of War
01:42 Moon Well
02:28 Moon Well
02:44 Hunter's Hall
03:24 Moon Well
05:34 Tree of Ages
07:30 Ancient of War
09:33 Ancient of Wind
13:02 Moon Well
13:55 Moon Well
17:40 Tree of Eternity
20:04 Ancient Protector
21:18 Chimaera Roost
21:21 Chimaera Roost
24:43 Chimaera Roost
24:44 Chimaera Roost
24:51 Chimaera Roost
Bombastic (
yellow | 39 APM | 2491 actions | 63:07)
8 Archmage
3 Summon Water Elemental
3 Brilliance Aura
1 Mass Teleport
1 Blizzard
» actions
| Assign group hotkey | 26 | |
| Basic commands | 143 | |
| Build / train | 96 | |
| Enter build submenu | 61 | |
| Enter hero's abilities submenu | 8 | |
| Give item / drop item | 9 | |
| Right click | 858 | |
| Select / deselect | 499 | |
| Select group hotkey | 589 | |
| Use ability | 202 | |
2491 total
» units
| Peasant | 16 | |
| Footman | 4 | |
| Goblin Shredder | 4 | |
| Dragonhawk Rider | 4 | |
| Goblin Sapper | 1 | |
| Gryphon Rider | 6 | |
35 total
» upgrades
| Masonry | 3 | |
| Storm Hammers | 1 | |
| Swords | 3 | |
| Armor | 3 | |
| Animal War Training | 1 | |
| Cloud | 1 | |
12 total
» buildings
| Altar of Kings | 1 | |
| Barracks | 1 | |
| Farm | 10 | |
| Arcane Vault | 1 | |
| Keep | 1 | |
| Town Hall | 4 | |
| Lumber Mill | 1 | |
| Castle | 1 | |
| Scout Tower | 48 | |
| Guard Tower | 20 | |
| Gryphon Aviary | 6 | |
| Blacksmith | 3 | |
97 total
» build order
00:39 Altar of Kings
00:40 Barracks
00:57 Farm
01:05 Farm
01:06 Farm
01:46 Arcane Vault
02:42 Farm
03:31 Keep
04:03 Town Hall
05:51 Lumber Mill
05:54 Farm
06:01 Castle
07:48 Town Hall
07:51 Scout Tower
07:51 Scout Tower
07:52 Scout Tower
07:53 Scout Tower
07:54 Scout Tower
07:54 Scout Tower
07:55 Scout Tower
07:56 Scout Tower
07:56 Scout Tower
07:58 Scout Tower
07:58 Scout Tower
08:05 Scout Tower
08:26 Guard Tower
08:31 Gryphon Aviary
08:34 Gryphon Aviary
08:37 Gryphon Aviary
09:09 Gryphon Aviary
09:22 Gryphon Aviary
09:34 Gryphon Aviary
09:54 Guard Tower
09:55 Guard Tower
10:13 Blacksmith
10:19 Blacksmith
10:28 Blacksmith
12:04 Guard Tower
13:41 Scout Tower
13:42 Scout Tower
13:42 Scout Tower
13:43 Scout Tower
13:44 Scout Tower
13:45 Scout Tower
13:47 Scout Tower
13:48 Scout Tower
13:49 Scout Tower
13:59 Scout Tower
14:00 Scout Tower
14:01 Scout Tower
14:01 Scout Tower
14:02 Scout Tower
14:04 Scout Tower
14:06 Scout Tower
14:07 Scout Tower
14:10 Scout Tower
14:49 Farm
14:51 Farm
14:53 Farm
14:55 Farm
15:00 Farm
15:28 Guard Tower
16:46 Guard Tower
19:20 Guard Tower
27:05 Town Hall
27:08 Scout Tower
27:09 Scout Tower
27:10 Scout Tower
27:11 Scout Tower
27:13 Scout Tower
27:14 Scout Tower
27:15 Scout Tower
27:16 Scout Tower
28:50 Scout Tower
28:50 Scout Tower
28:51 Scout Tower
28:51 Scout Tower
28:52 Scout Tower
28:56 Scout Tower
29:18 Guard Tower
29:21 Guard Tower
29:21 Guard Tower
29:21 Guard Tower
29:22 Guard Tower
29:23 Guard Tower
29:24 Guard Tower
29:42 Town Hall
29:49 Scout Tower
29:50 Scout Tower
29:51 Scout Tower
29:51 Scout Tower
30:19 Guard Tower
30:26 Guard Tower
32:22 Guard Tower
» items
| Scroll of Regeneration | 5 | |
| Potion of Healing | 6 | |
| Scroll of Town Portal | 2 | |
| Potion of Mana | 2 | |
| Lesser Clarity Potion | 2 | |
17 total
whalesaregreat (
teal | 31 APM | 1934 actions | 63:10)
7 Shadow Hunter
3 Serpent Ward
3 Healing Wave
1 Big Bad Voodoo
» actions
| Assign group hotkey | 18 | |
| Build / train | 74 | |
| Enter build submenu | 28 | |
| Enter hero's abilities submenu | 7 | |
| Give item / drop item | 2 | |
| Remove unit from queue | 4 | |
| Right click | 1093 | |
| Select / deselect | 530 | |
| Select group hotkey | 19 | |
| Use ability | 155 | |
1934 total
» units
| Peon | 14 | |
| Troll Headhunter/Berserker | 2 | |
| Grunt | 2 | |
| Troll Batrider | 28 | |
| Goblin Zeppelin | 1 | |
47 total
» upgrades
| Armor | 2 | |
| Ranged Weapons | 2 | |
| Liquid Fire | 1 | |
5 total
» buildings
| Altar of Storms | 1 | |
| Orc Burrow | 4 | |
| War Mill | 1 | |
| Barracks | 1 | |
| Voodoo Lounge | 1 | |
| Stronghold | 1 | |
| Watch Tower | 11 | |
| Beastiary | 3 | |
| Fortress | 1 | |
| Great Hall | 3 | |
27 total
» build order
00:07 Altar of Storms
00:11 Orc Burrow
00:56 War Mill
01:20 Barracks
01:49 Orc Burrow
02:45 Voodoo Lounge
04:07 Stronghold
04:15 Orc Burrow
04:26 Watch Tower
05:43 Watch Tower
06:41 Beastiary
06:44 Beastiary
07:14 Watch Tower
08:37 Orc Burrow
11:05 Fortress
12:38 Great Hall
16:19 Watch Tower
16:37 Beastiary
17:26 Watch Tower
22:57 Watch Tower
23:00 Watch Tower
25:52 Great Hall
26:35 Great Hall
31:02 Watch Tower
31:04 Watch Tower
31:48 Watch Tower
32:08 Watch Tower
» items
| Scroll of Town Portal | 2 | |
| Healing Salve | 1 | |
| Lesser Clarity Potion | 4 | |
| Potion of Healing | 1 | |
| Orb of Lightning | 1 | |
| Tiny Great Hall | 1 | |
10 total
team 2 (loser)

»
shema73 (
blue | 29 APM | 843 actions | 28:57)
3 Demon Hunter
2 Immolation
1 Mana Burn
» actions
| Assign group hotkey | 15 | |
| Basic commands | 52 | |
| Build / train | 31 | |
| Enter build submenu | 13 | |
| Enter hero's abilities submenu | 3 | |
| Right click | 434 | |
| Select / deselect | 207 | |
| Select group hotkey | 32 | |
| Use ability | 56 | |
843 total
» units
» upgrades
» buildings
| Moon Well | 4 | |
| Altar of Elders | 1 | |
| Ancient of War | 1 | |
| Ancient of Wonders | 1 | |
| Hunter's Hall | 1 | |
| Tree of Ages | 1 | |
| Ancient Protector | 1 | |
| Tree of Life | 2 | |
12 total
» build order
00:19 Moon Well
00:34 Altar of Elders
01:23 Ancient of War
01:35 Moon Well
01:53 Ancient of Wonders
02:25 Hunter's Hall
03:02 Moon Well
03:28 Tree of Ages
03:57 Ancient Protector
05:21 Tree of Life
09:25 Moon Well
13:21 Tree of Life

»
iDontTKiJustSuk (
pink | 27 APM | 1734 actions | 63:10)
4 Keeper of the Grove
2 Force of Nature
2 Thorns Aura
» actions
| Assign group hotkey | 11 | |
| Basic commands | 11 | |
| Build / train | 74 | |
| Enter build submenu | 37 | |
| Enter hero's abilities submenu | 4 | |
| Give item / drop item | 5 | |
| Remove unit from queue | 4 | |
| Right click | 1048 | |
| Select / deselect | 394 | |
| Select group hotkey | 85 | |
| Use ability | 61 | |
1734 total
» units
| Wisp | 26 | |
| Archer | 22 | |
| Huntress | 2 | |
| Faerie Dragon | 5 | |
| Druid of the Talon | 1 | |
56 total
» upgrades
| Nature's Blessing | 1 | |
| Backpack | 1 | |
| Ultravision | 1 | |
| Strength of the Wild | 1 | |
| Improved Bows | 1 | |
| Reinforced Hides | 1 | |
| Druid of the Talon Training | 1 | |
7 total
» buildings
| Moon Well | 13 | |
| Altar of Elders | 3 | |
| Ancient of War | 3 | |
| Ancient of Wonders | 1 | |
| Tree of Ages | 2 | |
| Hunter's Hall | 2 | |
| Ancient of Wind | 2 | |
| Tree of Life | 1 | |
27 total
» build order
00:36 Moon Well
00:50 Altar of Elders
01:14 Ancient of War
01:25 Moon Well
01:45 Ancient of Wonders
02:28 Moon Well
03:02 Moon Well
04:23 Moon Well
04:40 Tree of Ages
05:03 Hunter's Hall
07:32 Ancient of Wind
07:57 Ancient of Wind
08:07 Moon Well
13:50 Tree of Life
16:12 Altar of Elders
17:30 Moon Well
17:41 Ancient of War
18:12 Ancient of War
18:50 Moon Well
19:25 Tree of Ages
19:46 Moon Well
20:41 Hunter's Hall
21:12 Moon Well
24:46 Altar of Elders
26:12 Moon Well
36:52 Moon Well
36:57 Moon Well
ProjectEternity (
orange | 136 APM | 8586 actions | 63:10)
10 Archmage
3 Summon Water Elemental
3 Brilliance Aura
1 Mass Teleport
3 Blizzard
» actions
| Assign group hotkey | 155 | |
| Basic commands | 272 | |
| Build / train | 280 | |
| ESC pressed | 17 | |
| Enter build submenu | 93 | |
| Enter hero's abilities submenu | 10 | |
| Give item / drop item | 11 | |
| Right click | 2513 | |
| Select / deselect | 928 | |
| Select group hotkey | 3834 | |
| Use ability | 473 | |
8586 total
» units
| Peasant | 19 | |
| Footman | 10 | |
| Goblin Shredder | 1 | |
| Dragonhawk Rider | 19 | |
| Gryphon Rider | 13 | |
| Siege Engine | 1 | |
| Goblin Sapper | 4 | |
67 total
» upgrades
| Masonry | 4 | |
| Swords | 3 | |
| Lumber Harvesting | 2 | |
| Armor | 3 | |
| Animal War Training | 1 | |
| Cloud | 1 | |
| Storm Hammers | 1 | |
| Magic Sentry | 1 | |
| Sorceress Training | 2 | |
| Priest Training | 2 | |
| Control Magic | 1 | |
| Plating | 3 | |
| Gunpowder | 3 | |
| Backpack | 1 | |
| Defend | 1 | |
| Long Rifles | 1 | |
| Flak Cannons | 1 | |
| Flying Machine Bombs | 1 | |
| Fragmentation Shards | 1 | |
| Flare | 1 | |
| Barrage | 1 | |
35 total
» buildings
| Altar of Kings | 1 | |
| Barracks | 1 | |
| Farm | 13 | |
| Lumber Mill | 1 | |
| Arcane Vault | 1 | |
| Town Hall | 6 | |
| Scout Tower | 50 | |
| Keep | 3 | |
| Arcane Tower | 6 | |
| Blacksmith | 1 | |
| Guard Tower | 86 | |
| Castle | 2 | |
| Gryphon Aviary | 5 | |
| Arcane Sanctum | 1 | |
| Workshop | 5 | |
182 total
» build order
00:09 Altar of Kings
00:10 Barracks
00:21 Farm
00:55 Farm
01:56 Farm
02:22 Lumber Mill
03:22 Arcane Vault
04:00 Town Hall
05:09 Scout Tower
05:55 Keep
05:55 Keep
06:17 Arcane Tower
06:24 Farm
06:33 Blacksmith
06:41 Scout Tower
06:42 Scout Tower
06:46 Scout Tower
06:49 Scout Tower
06:54 Scout Tower
06:57 Scout Tower
07:05 Scout Tower
07:08 Scout Tower
07:09 Scout Tower
07:14 Guard Tower
07:14 Guard Tower
07:33 Guard Tower
07:42 Guard Tower
07:43 Guard Tower
07:43 Guard Tower
07:46 Guard Tower
07:46 Guard Tower
07:46 Guard Tower
08:19 Guard Tower
08:22 Guard Tower
08:22 Guard Tower
08:22 Guard Tower
08:47 Arcane Tower
08:47 Arcane Tower
08:54 Guard Tower
08:55 Guard Tower
09:01 Scout Tower
09:05 Scout Tower
09:09 Scout Tower
09:36 Guard Tower
09:39 Guard Tower
09:40 Guard Tower
09:51 Scout Tower
10:12 Castle
10:21 Gryphon Aviary
10:23 Gryphon Aviary
10:25 Gryphon Aviary
10:27 Gryphon Aviary
10:42 Gryphon Aviary
11:42 Guard Tower
11:42 Guard Tower
11:50 Scout Tower
11:51 Scout Tower
12:26 Guard Tower
12:26 Guard Tower
12:34 Farm
12:42 Farm
12:44 Farm
12:44 Farm
12:46 Farm
13:09 Guard Tower
13:09 Guard Tower
13:09 Guard Tower
13:39 Scout Tower
13:42 Scout Tower
13:43 Scout Tower
13:44 Scout Tower
13:48 Scout Tower
13:50 Scout Tower
13:52 Scout Tower
14:13 Guard Tower
14:13 Guard Tower
14:13 Guard Tower
14:20 Guard Tower
14:21 Guard Tower
14:21 Guard Tower
14:22 Farm
14:36 Farm
14:44 Scout Tower
14:44 Scout Tower
14:45 Scout Tower
14:46 Scout Tower
14:59 Guard Tower
14:59 Guard Tower
15:08 Guard Tower
15:08 Guard Tower
15:12 Guard Tower
15:41 Guard Tower
16:10 Guard Tower
16:10 Guard Tower
16:23 Guard Tower
16:32 Guard Tower
16:32 Guard Tower
19:42 Arcane Sanctum
20:16 Farm
20:17 Farm
22:30 Town Hall
22:45 Scout Tower
22:46 Scout Tower
22:47 Scout Tower
22:49 Scout Tower
23:07 Scout Tower
23:09 Scout Tower
23:09 Scout Tower
23:10 Scout Tower
23:47 Guard Tower
23:47 Guard Tower
29:05 Scout Tower
29:05 Scout Tower
29:06 Scout Tower
29:08 Town Hall
30:07 Guard Tower
30:08 Scout Tower
30:08 Scout Tower
30:10 Scout Tower
31:00 Guard Tower
31:00 Guard Tower
33:15 Scout Tower
33:16 Scout Tower
33:18 Scout Tower
33:19 Scout Tower
33:20 Scout Tower
34:58 Scout Tower
34:59 Scout Tower
35:00 Scout Tower
35:01 Scout Tower
35:12 Guard Tower
35:13 Guard Tower
35:25 Guard Tower
35:26 Arcane Tower
35:27 Arcane Tower
35:28 Guard Tower
35:31 Guard Tower
35:31 Guard Tower
35:32 Guard Tower
35:38 Town Hall
40:00 Workshop
40:01 Workshop
40:02 Workshop
40:03 Workshop
40:09 Workshop
48:25 Town Hall
48:26 Town Hall
» items
| Scroll of Regeneration | 13 | |
| Mechanical Critter | 5 | |
| Scroll of Town Portal | 7 | |
| Ivory Tower | 16 | |
| Potion of Healing | 5 | |
| Staff of Sanctuary | 1 | |
| Orb of Fire | 1 | |
48 total

»
IVgotdarubber (
green | 26 APM | 1629 actions | 63:10)
4 Lich
2 Frost Nova
2 Frost Armor
» actions
| Basic commands | 11 | |
| Build / train | 127 | |
| Enter build submenu | 47 | |
| Enter hero's abilities submenu | 5 | |
| Give item / drop item | 1 | |
| Remove unit from queue | 4 | |
| Right click | 960 | |
| Select / deselect | 392 | |
| Use ability | 79 | |
1629 total
» units
| Acolyte | 19 | |
| Ghoul | 24 | |
| Crypt Fiend | 29 | |
| Gargoyle | 11 | |
| Frost Wyrm | 3 | |
86 total
» upgrades
» buildings
| Altar of Darkness | 2 | |
| Ziggurat | 23 | |
| Crypt | 1 | |
| Graveyard | 1 | |
| Halls of the Dead | 3 | |
| Nerubian Tower | 4 | |
| Spirit Tower | 20 | |
| Necropolis | 1 | |
| Black Citadel | 1 | |
| Sacrificial Pit | 1 | |
| Boneyard | 3 | |
60 total
» build order
00:27 Altar of Darkness
00:31 Ziggurat
00:34 Crypt
01:42 Ziggurat
03:37 Graveyard
03:46 Ziggurat
08:43 Halls of the Dead
08:52 Ziggurat
09:42 Ziggurat
09:45 Ziggurat
09:49 Nerubian Tower
09:53 Spirit Tower
10:04 Ziggurat
10:17 Ziggurat
10:22 Ziggurat
10:36 Spirit Tower
10:38 Spirit Tower
12:09 Ziggurat
12:11 Ziggurat
12:13 Ziggurat
12:15 Ziggurat
12:20 Ziggurat
12:23 Spirit Tower
12:27 Ziggurat
12:29 Ziggurat
12:34 Ziggurat
12:36 Ziggurat
12:38 Ziggurat
12:40 Ziggurat
13:19 Nerubian Tower
13:21 Nerubian Tower
13:24 Spirit Tower
13:33 Spirit Tower
13:52 Spirit Tower
13:52 Spirit Tower
14:01 Spirit Tower
14:04 Spirit Tower
14:04 Spirit Tower
14:15 Spirit Tower
14:16 Spirit Tower
15:07 Spirit Tower
15:07 Spirit Tower
15:07 Spirit Tower
16:02 Ziggurat
16:04 Ziggurat
16:06 Ziggurat
17:40 Spirit Tower
17:40 Spirit Tower
20:45 Necropolis
24:30 Halls of the Dead
24:37 Nerubian Tower
25:00 Altar of Darkness
26:54 Black Citadel
27:22 Sacrificial Pit
29:57 Boneyard
30:01 Boneyard
30:15 Boneyard
Chat log
(00:14 / All) ProjectEternity: Jellyfish are superior
(00:22 / All) PUNY_HUMAN: STFU U STUPID
(00:45 / All) whalesaregreat: nah whales are way better
(01:01 / All) ProjectEternity: Jellyfish. Are. Superior.
(01:06 / All) whalesaregreat: |
(01:10 / All) whalesaregreat: you're a moron im sorry
(01:15 / All) PUNY_HUMAN: pretty sure theyre near the bottom of the food chain
(01:18 / All) ProjectEternity: You will regret those words
(01:22 / All) PUNY_HUMAN: they may be superior to you
(01:30 / All) PUNY_HUMAN: nah man
(01:31 / All) whalesaregreat: youre gonna eat a whale dick
(01:32 / All) ProjectEternity: At least I'm not a whale lover
(01:34 / All) ProjectEternity: Do you like big women?
(01:43 / All) whalesaregreat: i dont even like women
(01:48 / All) ProjectEternity: I'd rather have a woman with spindly electrical limbs
(01:50 / All) trevster881: nobody likes big women
(01:54 / All) PUNY_HUMAN: nah i fuck my tight latina girlfriend almost every night
(01:55 / All) PUNY_HUMAN: ^^
(02:01 / All) ProjectEternity: Are you white?
(02:06 / All) PUNY_HUMAN: of course
(02:07 / All) whalesaregreat: im white
(02:09 / All) iDontTKiJustSuk: I'm black
(02:12 / All) PUNY_HUMAN: im still alive arent i
(02:15 / All) Bombastic: big women keep you warm at night, when it's mighty cold outside
(02:17 / All) ProjectEternity: Why are you race mixing?
(02:18 / All) PUNY_HUMAN: no niggers allowed in here
(02:22 / All) iDontTKiJustSuk: My girlfriend is a ballet dancer, flexible af.
(02:29 / All) trevster881: spicks don't play war3
(02:31 / All) ProjectEternity: Latinas aren't any better
(02:32 / All) Bombastic: you can use their flesh as fuel too, if you're really desperate
(03:03 / All) trevster881: i just fu*ked like 2 hours ago
(03:15 / All) PUNY_HUMAN: nice axtrix pussy
(03:24 / All) whalesaregreat: the last time i had good sex was wit my ex
(03:24 / All) iDontTKiJustSuk: I'm a virgin. For life #yolo
(03:26 / Allies) ProjectEternity: 100 wood
(03:28 / All) whalesaregreat: lolz
(03:43 / All) PUNY_HUMAN: sex is one of the best things in life
(03:53 / All) iDontTKiJustSuk: Virgin for life #fml
(04:39 / All) trevster881: it's true no one likes black chicks
(04:41 / Allies) ProjectEternity: wood
(04:49 / Allies) ProjectEternity: ty
(04:50 / All) iDontTKiJustSuk: That's true tbh
(04:54 / All) Bombastic: Negresses are sexy
(04:59 / All) iDontTKiJustSuk: My girlfriend isn't 100% black
(05:02 / All) Bombastic: smack em around and call em niggers
(06:29 / All) PUNY_HUMAN: gg nub fucks
(06:38 / All) iDontTKiJustSuk: That's a new one
(06:43 / All) iDontTKiJustSuk: I prefer cunt faggot tbh
(06:44 / All) PUNY_HUMAN: OH RLY
(06:49 / All) PUNY_HUMAN: OH OK CUNT FAGGOT
(07:03 / All) iDontTKiJustSuk: So I'm gay for pussy
(08:21 / All) PUNY_HUMAN: gg
(08:44 / All) ProjectEternity: Not over yet
(09:31 / All) PUNY_HUMAN: GG TARDS
(09:45 / All) ProjectEternity: It's not over yet
(09:51 / All) whalesaregreat:
(10:01 / Allies) ProjectEternity: wood
(10:09 / Allies) ProjectEternity: ty
(11:25 / All) PUNY_HUMAN: gg fucking idiots
(11:29 / All) ProjectEternity: Not over yet
(11:37 / All) PUNY_HUMAN: even tho im thankful im alive dec 21 2012
(11:47 / All) iDontTKiJustSuk: Thankful for what?
(11:49 / All) iDontTKiJustSuk: Winter?
(11:59 / All) PUNY_HUMAN: ITS FUCKING OVER
(12:01 / All) PUNY_HUMAN: TO BE ALIVE
(12:06 / All) PUNY_HUMAN: DUMBFUCKING NIGGER NOOB
(12:07 / All) ProjectEternity: It isn't over until I say so
(12:11 / All) iDontTKiJustSuk: Nigger noob
(12:17 / All) whalesaregreat: oj youre so good
(12:18 / All) PUNY_HUMAN: good one pussy
(14:22 / All) PUNY_HUMAN: scrubs
(14:24 / All) PUNY_HUMAN: so bad
(14:35 / All) whalesaregreat: who you guys?
(14:40 / All) ProjectEternity: Not over yet
(14:41 / All) PUNY_HUMAN: cute lil final stand at ojs base pussies
(14:50 / All) PUNY_HUMAN: ur wasting all our lives
(14:51 / All) PUNY_HUMAN: just leave now
(15:09 / All) iDontTKiJustSuk: I can't waste your life in anyway.
(15:12 / All) iDontTKiJustSuk: It
(15:20 / All) iDontTKiJustSuk: titties
(15:28 / All) PUNY_HUMAN: thats where your down syndrome is obvious
(15:32 / All) iDontTKiJustSuk: Yes that's it, tittiessssss
(16:14 / All) PUNY_HUMAN: USE ABILITIES YELLOW U WORTHLESS
(17:29 / All) PUNY_HUMAN: FUCKING PUSSY BITCHES
(18:01 / All) PUNY_HUMAN: lol sick attempt to lose
(18:29 / All) ProjectEternity: Thanks I try my best
(18:51 / All) ProjectEternity: Now you can enjoy playing hide and seek
(18:55 / All) ProjectEternity: as I have mass tp
(19:10 / All) PUNY_HUMAN: were just gonna fuck u up
(19:11 / All) PUNY_HUMAN: thats all
(19:23 / All) iDontTKiJustSuk: This is fun to watch
(19:32 / All) PUNY_HUMAN: lol ur still at ur computer?
(19:35 / All) PUNY_HUMAN: what a fucking joke
(19:40 / All) iDontTKiJustSuk: You are as well
(19:45 / All) PUNY_HUMAN: cuz im playing
(19:46 / All) PUNY_HUMAN: and i have units
(19:51 / All) ProjectEternity: so do I
(19:52 / All) PUNY_HUMAN: and about to win
(19:54 / All) PUNY_HUMAN: ur sitting there
(19:55 / All) ProjectEternity: no
(19:57 / All) PUNY_HUMAN: tickling ur pussy
(20:03 / All) iDontTKiJustSuk: yes my vagina
(21:39 / All) ProjectEternity: Hello purple
(21:40 / All) ProjectEternity: You can tp now
(22:09 / All) ProjectEternity: keep putting them in range of storm hammer please
(22:48 / Allies) shema73: wisp dispell
(23:26 / Allies) iDontTKiJustSuk: assistance bitte
(24:28 / Allies) iDontTKiJustSuk: ehh
(24:34 / All) PUNY_HUMAN: YELLOW HAS 21K GOLD
(24:37 / All) PUNY_HUMAN: DOESNT GIVE ANY
(24:47 / All) Bombastic: I'm an entrepeneur, but I ain't a bank
(24:52 / Allies) shema73: hero?
(24:55 / All) Bombastic: I don't get into the banking
(24:58 / All) Bombastic: Ain't my thing
(24:58 / All) PUNY_HUMAN: ur my teammate
(25:29 / All) ProjectEternity: Watch out purple! Your hall!
(26:03 / All) ProjectEternity: Dominated
(26:05 / All) ProjectEternity: Fucking raped
(26:07 / All) ProjectEternity: You are trash purple
(26:10 / All) ProjectEternity: The game is won huh?
(26:15 / All) PUNY_HUMAN: damn 3 percent battery
(26:18 / All) PUNY_HUMAN: peace bros
(26:21 / All) PUNY_HUMAN: stfu we still won
(26:22 / All) iDontTKiJustSuk: Lmfao
(26:28 / All) PUNY_HUMAN: thats how dumb u are
(26:29 / All) iDontTKiJustSuk: Suddenly your battery is low
(26:32 / All) iDontTKiJustSuk: Nice nice
(26:33 / All) PUNY_HUMAN: ur still actually playing
(26:35 / All) iDontTKiJustSuk: I like this guy
(26:37 / All) ProjectEternity: Do you play on your celphone?
(26:38 / All) PUNY_HUMAN: its about to shut off
(26:45 / All) PUNY_HUMAN: PEACE OF DEMOCRATIC PUSSY NIGGERS
(26:47 / All) PUNY_HUMAN: YEAH I DO
(26:52 / All) PUNY_HUMAN: U GOT WC3 ON UR OHPONE5?
(26:54 / All) PUNY_HUMAN: DONT THINK SO
(26:57 / All) PUNY_HUMAN: I KNOW NIGGAS
(27:00 / All) PUNY_HUMAN: INSIDE THE COMPANY
(27:05 / All) PUNY_HUMAN: YEAH I KNOW UR A FUCKING COMMY
(27:25 / Allies) ProjectEternity: I need that expo more
(27:58 / Allies) ProjectEternity: I need it more anyway
(27:59 / Allies) shema73: potal
(28:02 / Allies) ProjectEternity: No
(28:04 / Allies) ProjectEternity: I need the mine
(28:08 / Allies) ProjectEternity: he is doing me a service
(28:13 / Allies) iDontTKiJustSuk: Lol
(28:43 / Allies) shema73: 개새끼
(29:42 / All) iDontTKiJustSuk: Lol
(29:58 / All) ProjectEternity: lmao
(30:04 / All) ProjectEternity: sick bm micro
(32:19 / Allies) IVgotdarubber: oj some gold for some wyms
(32:34 / Allies) ProjectEternity: don't have enough gold
(32:52 / Allies) IVgotdarubber: u got 4 mines lol
(33:00 / Allies) ProjectEternity: only 1 running
(33:10 / Allies) iDontTKiJustSuk: I have none
(34:39 / All) Bombastic: It's mine you can't have it back
(34:41 / All) ProjectEternity: nice try
(41:04 / All) Bombastic: frost armor
(41:05 / All) Bombastic: cute
(41:13 / All) Bombastic: green clearly didn't read the descriptions
(42:20 / Allies) IVgotdarubber: 100g lol to revive hero
(43:12 / Allies) iDontTKiJustSuk: Lol this is a 1v1 tbh
(43:25 / Allies) iDontTKiJustSuk: Barely
(48:11 / All) Bombastic: Jellyfish, king of the sea critters
(49:46 / Allies) iDontTKiJustSuk: lol I love how you chase me
(49:50 / All) iDontTKiJustSuk: <3
(50:07 / Allies) IVgotdarubber: he saw us both
(50:42 / Allies) iDontTKiJustSuk: He'll only go after me or you, then runs from oj
(50:44 / Allies) iDontTKiJustSuk: It's funny
(50:48 / All) Bombastic: Whales are okay but they ain't THAT great
(50:52 / Allies) IVgotdarubber: hes leading him to yellow
(50:53 / All) Bombastic: Jellyfish are much better
(51:45 / All) Bombastic: My quarrel is not with orange
(51:51 / All) Bombastic: He seems like a fine fellow
(51:58 / All) Bombastic: Truce, orange?
(52:17 / Allies) IVgotdarubber: sry for killing ur hero
(52:30 / Allies) iDontTKiJustSuk: Lol thanks mate
(52:38 / Allies) IVgotdarubber: least i can do
(52:42 / All) Bombastic: not the best place for a hall, I think
(55:16 / All) Bombastic: Orange let's truce I don't think I can beat you
(55:21 / All) Bombastic: and my allies say you're too tough for me too
(55:22 / All) ProjectEternity: Sounds good
(55:23 / All) ProjectEternity: I can't either
(55:27 / All) ProjectEternity: Neither of us can overpower the other
(55:32 / All) ProjectEternity: I suppose a truce it must be betweeen our two kingdoms
(55:34 / All) Bombastic: Yeah let's just sit here and wait
(55:37 / All) Bombastic: best internet wins
(55:41 / Allies) IVgotdarubber: lol
(56:06 / All) iDontTKiJustSuk: No toddler rape while we wait?
(56:37 / All) whalesaregreat: i leave my computer on
(56:45 / All) whalesaregreat: so yllow i hope your internet is superior
(57:39 / All) whalesaregreat: im curious if they manage to kill all their halls
(57:42 / All) whalesaregreat: like the reveal map thing
(57:51 / All) Bombastic: I'd rather abdicate my throne, even one so lofty as mine, than betray you orange
(57:55 / All) Bombastic: I am no backstabber
(58:04 / All) Bombastic: this truce shall stand between our two kingdoms forever and ever
(58:17 / All) ProjectEternity: I trust you, as you have been a most noble rival
(58:43 / All) iDontTKiJustSuk: This is both interesting and disturbing.
(58:51 / All) whalesaregreat: yeah
(58:58 / All) whalesaregreat: i assume it was planner
(58:59 / All) trevster881: not really pink, orange and yellow are friends and they planned this out
(59:01 / All) whalesaregreat: planned
(59:03 / All) trevster881: backstabbing
(59:08 / All) trevster881: nothing interesting about this at all
(59:13 / All) whalesaregreat: it's sour milk at this pt red
(59:16 / All) whalesaregreat: we just have to wait
(59:18 / All) trevster881: just a couple of losers with no life ruining a good game
(59:55 / All) iDontTKiJustSuk: I see, I used to wonder if people truly had no life, I would guess this confirms it.
(60:07 / Allies) IVgotdarubber: no
(60:09 / All) whalesaregreat: yeah
(60:10 / Allies) ProjectEternity: Yes
(60:12 / All) trevster881: absolutely
(60:23 / All) whalesaregreat: i can't tell tho if they're old or in high school
(60:34 / All) trevster881: my guess is around 18 - 24
(60:46 / All) whalesaregreat: oh see those were neither of my age guesses
(60:57 / All) ProjectEternity: I'm 22
(61:00 / All) trevster881: what were you thinking?
(61:01 / All) iDontTKiJustSuk: I'm 16
(61:08 / All) whalesaregreat: what would be cool would be if they were the same person
(61:11 / All) trevster881: i figured so
(61:17 / All) trevster881: possible
(61:23 / All) trevster881: yellow never played the whole game
(61:31 / All) whalesaregreat: eh he build a little empire
(61:34 / All) trevster881: he just stayed back and filled up the mines
(61:35 / All) whalesaregreat: built
(61:42 / All) trevster881: just cause we were pushing
(61:45 / All) ProjectEternity: We sat back and built our kingdoms to live peacefully alongside each other's
(61:45 / All) iDontTKiJustSuk: Hmm
(61:50 / All) trevster881: orange kind of did the same
(61:56 / All) iDontTKiJustSuk: Yellow, what say you?
(61:57 / All) Bombastic: I AM ORANGE!
(61:58 / All) ProjectEternity: I am orange
(62:01 / All) ProjectEternity: I am yellow
(62:05 / All) Bombastic: I am yellow
(62:06 / All) iDontTKiJustSuk: Ofcourse
(62:12 / All) trevster881: well if you're one person then that's even worse
(62:15 / All) iDontTKiJustSuk: This is most disturbing.
(62:16 / All) whalesaregreat: jajaja
(62:20 / All) whalesaregreat: this is fucking retarded
(62:25 / All) trevster881: no wonder he's broke
(62:26 / All) whalesaregreat: does the game actually come to a tie?
(62:33 / All) trevster881: no
(62:35 / All) trevster881: no ties
(62:40 / All) whalesaregreat: if there are noworkers/fighting units\
(62:41 / All) iDontTKiJustSuk: Jetzt brauche ich meine Mutter..
(62:44 / All) IVgotdarubber: multi personality disorder
(62:46 / All) trevster881: and it'll be yours
(62:57 / All) Bombastic: I bid you gentlemen adieu
(63:01 / All) ProjectEternity: Valete!
(63:04 / All) Bombastic: Best of luck to you all
(63:07 / All) iDontTKiJustSuk: Wouldn't it be something though, if we all were the same person.
(63:09 / All) ProjectEternity: Good luck, let it begin, let it begin!